 Dungeon Crawl Stone Soup version 0.19.1-1-g22dce08 (webtiles) character file.

204 esteth the Ducker (level 5, -6/38 HPs)
             Began as a Merfolk Gladiator on Dec 31, 2016.
             Killed by divine providence
             ... invoked by an orc priest
              (13 damage)
             ... on level 3 of the Dungeon.
             The game lasted 00:05:22 (2267 turns).

esteth the Ducker (Merfolk Gladiator)               Turns: 2267, Time: 00:05:23

Health: -6/38      AC:  5    Str: 15    XL:     5   Next: 82%
Magic:  5/5        EV: 16    Int:  8    God:
Gold:   123        SH:  0    Dex: 15    Spells: 0 memorised, 4 levels left

rFire  . . .     SeeInvis .     a - +1 long sword
rCold  . . .     Gourm    .     b - +0 leather armour
rNeg   . . .     Faith    .     (no shield)
rPois  .         Spirit   .     j - +2 hat
rElec  .         Reflect  .     (no cloak)
rCorr  .         Harm     .     (no gloves)
MR     .....                    (no boots)
Stlth  +.........               (no amulet)
                                (no ring)
                                (no ring)

@: no status effects
A: change form in water, swift swim, stealthy swim
a: no special abilities


You were on level 3 of the Dungeon.
You were not hungry.

You visited 1 branch of the dungeon, and saw 3 of its levels.

You collected 123 gold pieces.

Inventory:

Hand Weapons
 a - a +1 long sword (weapon)
 q - a +0 short sword
Missiles
 d - 3 throwing nets (quivered)
Armour
 b - a +0 leather armour (worn)
 c - a +0 helmet
 j - a +2 hat (worn)
 s - a +0 robe
Wands
 k - a wand of random effects (28/48)
 v - a wand of iceblast (10/15)
Scrolls
 e - 2 scrolls of identify
 g - a scroll of remove curse
 h - 2 scrolls of fear {unknown}
 o - a scroll of blinking {unknown}
 p - a scroll of teleportation {unknown}
Comestibles
 f - a bread ration
 i - a meat ration
 r - a chunk of flesh
 t - a beef jerky


   Skills:
 - Level 2.1 Fighting
 - Level 4.7 Long Blades
 - Level 2.0 Throwing
 + Level 7.2 Dodging


You had 4 spell levels left.
You didn't know any spells.

Dungeon Overview and Level Annotations

Branches:
Dungeon (3/15)

Altars:
Elyvilon
Zin

Portals:
Sewer: D:3


Message History

You slash the orc wizard!
You kill the orc wizard!
Your Dodging skill increases to level 7!
You hit the orc priest.
The orc priest is moderately wounded.
The orc priest mumbles some strange prayers to Beogh against you.
Beogh smites you!
* * * LOW HITPOINT WARNING * * *
You barely miss the orc priest.
The orc priest is moderately wounded.
The orc priest barely misses you.
You riposte.
You hit the orc priest.
The orc priest is severely wounded.
You closely miss the orc priest.
The orc priest is severely wounded.
The orc priest closely misses you.
You hit the orc priest.
The orc priest is almost dead.
The orc priest calls down the wrath of Beogh upon you.
Beogh smites you!
You die...

......# #.......#
.###..###.....#..##.
#..........##....
##..#####....###.. #...#
#.##.>....
####.#.####....####
#...........####
##########.###.#.##.##
......)....o@..#.#..#
........########.#.#######.
........# #####............
..................#########
........###########
######..# ≈≈SSS#..#
≈≈∩ss+..#


You could see an orc priest.

Vanquished Creatures
  An orc priest (D:3)
  2 orc wizards (D:3)
  Jessica (D:2)
  6 adders
  3 orcs (D:3)
  A bat (D:2)
  2 giant cockroaches
  3 goblins
  5 hobgoblins
  2 frilled lizards
  7 kobolds
  6 rats
39 creatures vanquished.

Notes
Turn   | Place    | Note
-------+----------+-------------------------------------------
     0 | D:1      | esteth the Merfolk Gladiator began the quest for the Orb.
     0 | D:1      | Reached XP level 1. HP: 16/16 MP: 1/1
   601 | D:1      | Reached XP level 2. HP: 21/22 MP: 2/2
   906 | D:2      | Found a white marble altar of Elyvilon.
   932 | D:2      | Reached XP level 3. HP: 16/27 MP: 3/3
  1373 | D:2      | Noticed Jessica
  1381 | D:2      | Killed Jessica
  1381 | D:2      | Reached skill level 5 in Dodging
  1381 | D:2      | Reached XP level 4. HP: 18/33 MP: 4/4
  1866 | D:3      | Reached skill level 6 in Dodging
  1866 | D:3      | Reached XP level 5. HP: 6/38 MP: 5/5
  2193 | D:3      | Found a glowing silver altar of Zin.
  2242 | D:3      | Found a glowing drain.
  2263 | D:3      | Reached skill level 7 in Dodging
  2267 | D:3      | Killed from afar by an orc priest

Skill      XL: |  1  2  3  4  5 |
---------------+----------------+-----
Long Blades    | 4 |  4.7
Dodging        | 5 6 7 |  7.2
Fighting       | |  2.1
Throwing       | |  2.0

Action                   |  1- 3 |  4- 6 || total
-------------------------+-------+-------++-------
Melee: Long sword        |    80 |    47 ||   127
  Use: Scroll            |     3 |       ||     3
       Potion            |     1 |     5 ||     6
  Eat: Chunk             |     2 |     1 ||     3
       Bread ration      |       |     1 ||     1
Armor: Leather armour    |    32 |    15 ||    47
Dodge: Dodged            |    85 |    40 ||   125
       Rpst.: Long sword |    19 |    12 ||    31
